Map: Frost LE

Players

Jason

  • Race: Terran Terran
  • League: Grandmaster

starkiller - Winner!

  • Race: Zerg Zerg
  • League: Grandmaster

Event: Cheesadelphia Summer 2016

VOD

Have the link to the VOD?

Description

Time

  • Played on: July 23, 2016, 11:13 a.m.
  • Length: 13:21

All games in this series

Show
View Real Time Build Order
Export as new Build Order

Jason Terran 

Build Orders: Reaper Expand, MMM Bio 

Get SALT Encoding   

  12  0:00  SCV  
  13  0:13  SCV  
  14  0:17  Supply Depot  
  14  0:25  SCV  
  15  0:38  SCV  
  15  0:40  Barracks  
  16  0:44  Refinery  
  16  0:50  SCV  
  17  1:02  SCV  
  18  1:15  SCV  
  19  1:27  Reaper, Orbital Command  
  20  1:45  Command Center  
  20  1:52  Supply Depot  
  20  1:55  SCV  
  20  2:00  Marine  
  22  2:08  SCV  
  23  2:12  Factory  
  23  2:18  Marine  
  23  2:21  Refinery  
  24  2:23  SCV  
  25  2:32  Bunker  
  25  2:35  SCV  
  25  2:36  Marine  
  27  2:47  SCV  
  28  2:56  Factory Tech Lab  
  28  2:57  Starport  
  28  2:59  SCV  
  28  3:03  Orbital Command  
  29  3:08  Barracks Reactor  
  29  3:12  Supply Depot  
  29  3:14  SCV  
  30  3:22  Siege Tank  
  30  3:27  SCV  
  34  3:30  SCV  
  35  3:39  SCV  
  35  3:40  Medivac  
  38  3:42  SCV  
  38  3:45  Marine x2  
  41  3:51  SCV  
  42  3:58  SCV  
  43  4:03  SCV  
  43  4:04  Command Center  
  44  4:10  Barracks, SCV  
  44  4:14  Factory Reactor  
  44  4:15  SCV  
  46  4:20  Marine  
  46  4:21  Barracks  
  46  4:22  SCV  
  48  4:25  Stimpack  
  48  4:27  SCV  
  49  4:35  Starport Reactor  
  49  4:36  SCV  
  49  4:38  Viking  
  52  4:41  SCV, Refinery  
  53  4:46  Refinery  
  53  4:49  SCV  
  54  5:02  Factory Reactor  
  54  5:04  Supply Depot  
  54  5:05  Supply Depot  
  54  5:11  Starport Reactor  
  54  5:15  Marine x4, SCV x2  
  54  5:20  Orbital Command  
  60  5:25  Engineering Bay  
  60  5:26  Engineering Bay  
  60  5:27  SCV x2  
  62  5:29  Marine  
  62  5:34  Marine x2  
  62  5:35  Marine  
  65  5:36  Marine  
  65  5:39  SCV x2  
  65  5:41  Widow Mine, Orbital Command  
  65  5:42  Supply Depot  
  71  5:44  Widow Mine  
  71  5:48  Marine  
  74  5:51  SCV  
  74  5:53  Terran Infantry Armor Level 1, Terran Infantry Weapons Level 1  
  74  5:55  Marine  
  76  6:00  SCV  
  76  6:01  Supply Depot  
  76  6:04  Supply Depot, Marine, SCV  
  78  6:07  SCV  
  78  6:10  Orbital Command  
  78  6:11  Medivac  
  82  6:12  Medivac  
  82  6:13  SCV  
  84  6:19  Marine  
  84  6:21  SCV  
  86  6:29  Marine  
  86  6:32  Marine x2  
  89  6:33  Marine, SCV  
  89  6:36  Marine  
  89  6:37  Orbital Command  
  89  6:38  Widow Mine  
  91  6:40  SCV  
  91  6:45  Medivac, SCV  
  91  6:46  Medivac  
  97  6:47  Combat Shields, Marine  
  97  6:50  Marine x2  
  97  6:52  SCV, Marauder  
  103  6:56  Marine  
  103  6:57  SCV  
  103  7:01  Barracks  
  103  7:04  Barracks, SCV  
  103  7:05  Marine  
  103  7:07  Widow Mine x2  
  107  7:09  Marine, SCV  
  107  7:10  Orbital Command  
  109  7:20  Supply Depot  
  109  7:22  Marine x3, SCV  
  113  7:29  Marine  
  114  7:30  Marine  
  114  7:36  SCV  
  116  7:39  SCV  
  116  7:42  Marauder, Marine x2, SCV  
  122  7:44  Supply Depot  
  122  7:46  Supply Depot  
  122  7:47  Marine  
  122  7:48  Widow Mine  
  125  7:52  Supply Depot  
  125  7:55  Widow Mine  
  127  8:00  Marine  
  127  8:04  Marauder  
  130  8:08  Marine  
  130  8:09  Barracks Tech Lab x2, Marine  
  131  8:16  Marine  
  131  8:18  Marine  
  128  8:22  Barracks  
  128  8:23  SCV  
  128  8:24  Barracks  
  128  8:25  Marauder  
  128  8:26  Marine, SCV x2  
  134  8:27  Marine  
  134  8:30  Starport  
  135  8:34  Marine  
  136  8:43  Widow Mine, Marine x2, Marauder  
  136  8:44  Widow Mine  
  136  8:46  Marauder  
  136  8:48  Medivac x2  
  142  8:55  Marine  
  142  8:57  Marine  
  142  9:00  Marine x2  
  142  9:01  Marauder  
  138  9:04  Marauder  
  138  9:08  Marauder  
  142  9:12  Marine  
  142  9:13  Marine  
  142  9:14  Barracks Reactor  
  142  9:15  Marine  
  145  9:17  Marine  
  145  9:18  Medivac x2  
  145  9:19  Marine  
  145  9:22  Refinery  
  145  9:23  Marauder  
  153  9:24  Refinery  
  153  9:26  Marauder  
  153  9:29  Marine  
  153  9:30  Marine  
  157  9:36  Armory  
  157  9:37  Supply Depot, Marine x4  
  161  9:40  Supply Depot, Sensor Tower  
  161  9:41  Supply Depot  
  161  9:44  Marauder  
  162  9:47  Marine, Marauder  
  162  9:48  Marine  
  158  9:55  Marine  
  158  9:58  Marine x2  
  140  10:01  Marine  
  140  10:05  Marauder x2  
  119  10:08  Marauder  
  119  10:09  Marine x2  
  119  10:10  Marine  
  118  10:17  SCV  
  118  10:19  Widow Mine  
  119  10:22  Marine x2  
  119  10:23  SCV  
  119  10:24  Marine  
  119  10:25  Marine  
  119  10:26  Marauder  
  115  10:37  Marine  
  115  10:38  Marauder  
  115  10:39  Marine  
  115  10:40  Marine  
  109  10:43  Marine  
  109  10:44  Widow Mine  
  109  10:47  SCV  
  110  10:52  Marine x2  
  110  10:53  SCV  
  107  11:05  Marine  
  107  11:07  Widow Mine  
  107  11:09  Orbital Command  
  110  11:12  Widow Mine  
  101  11:26  Marine  
  84  11:33  Marine x2  
  84  11:35  Widow Mine  
  84  11:36  Marine  
  88  11:41  Widow Mine  
  88  11:42  Marine x2  
  88  11:43  Marine  
  93  11:50  Marine  
  94  11:57  Marine  
  94  11:58  Marine  
  94  12:00  Marine  
  93  12:04  Widow Mine  
  93  12:05  Marine  
  96  12:09  Widow Mine  
  96  12:12  Marine x3  
  96  12:13  Marauder x2  
  103  12:17  Marine  
  103  12:20  Marine  
  103  12:21  Marauder  
  104  12:34  Marauder  
  104  12:35  Marauder  
  90  12:40  Widow Mine  
  90  12:42  Marauder  
  86  12:55  Marine  
Show
View Real Time Build Order
Export as new Build Order

starkiller Zerg - Winner!

Build Orders: Hatch First 

Get SALT Encoding   

  12  0:00  Drone  
  13  0:15  Overlord  
  13  0:21  Drone  
  14  0:33  Drone x2  
  16  0:37  Drone  
  17  0:53  Hatchery  
  17  0:56  Drone  
  17  1:11  Spawning Pool  
  16  1:15  Drone  
  16  1:18  Drone  
  18  1:22  Drone  
  19  1:32  Overlord  
  19  1:42  Drone  
  20  1:57  Queen  
  20  1:58  Zergling x2  
  23  2:03  Zergling x2  
  23  2:05  Queen  
  23  2:06  Drone  
  27  2:15  Drone  
  28  2:20  Drone  
  29  2:28  Spore Crawler  
  28  2:33  Queen  
  31  2:40  Queen  
  31  2:42  Extractor, Drone x2  
  31  2:43  Extractor  
  33  2:46  Drone x2  
  33  2:48  Drone  
  33  2:49  Overlord  
  36  3:09  Drone  
  37  3:15  Drone x4  
  41  3:21  Drone x2  
  41  3:22  Overlord  
  41  3:24  Lair  
  43  3:30  Evolution Chamber  
  43  3:33  Evolution Chamber  
  41  3:34  Drone x3  
  41  3:40  Drone x2  
  46  3:46  Drone  
  46  3:47  Drone  
  48  3:55  Roach Warren  
  47  4:01  Zerg Missile Weapons Level 1  
  47  4:05  Extractor  
  47  4:06  Extractor  
  47  4:09  Roach Warren  
  44  4:11  Zerg Ground Armor Level 1  
  45  4:18  Drone x7  
  45  4:23  Overlord  
  52  4:28  Overlord  
  52  4:41  Roach  
  52  4:42  Roach x2  
  52  4:43  Roach  
  52  4:44  Glial Reconstitution  
  60  4:48  Roach  
  60  4:51  Drone x3  
  63  5:03  Spore Crawler  
  63  5:04  Drone x2  
  63  5:05  Roach x2  
  68  5:15  Overlord  
  68  5:22  Hatchery  
  68  5:28  Overlord x2  
  67  5:30  Overlord  
  67  5:35  Drone  
  68  5:47  Ravager x4  
  72  5:55  Roach x3  
  72  5:56  Roach x4  
  72  5:57  Roach  
  88  6:00  Roach  
  88  6:02  Roach  
  92  6:06  Zerg Missile Weapons Level 2  
  92  6:13  Zerg Ground Armor Level 2  
  92  6:21  Overlord  
  92  6:22  Overlord  
  92  6:27  Hydralisk Den  
  89  6:41  Drone x4  
  89  6:42  Drone x6  
  101  6:48  Queen  
  101  6:57  Drone x3  
  101  6:58  Muscular Augments, Drone  
  101  6:59  Drone  
  104  7:08  Extractor, Drone  
  103  7:09  Extractor  
  103  7:10  Drone x3  
  103  7:12  Drone  
  103  7:14  Drone  
  103  7:15  Drone  
  109  7:25  Spore Crawler  
  109  7:26  Hydralisk  
  109  7:27  Hydralisk x2  
  114  7:30  Overlord x2  
  114  7:39  Hydralisk x2  
  114  7:41  Overlord  
  114  7:42  Overlord  
  114  7:49  Hydralisk x2  
  114  7:50  Hydralisk x2  
  122  7:53  Hydralisk  
  122  7:56  Hydralisk  
  122  7:57  Hydralisk  
  128  8:05  Hydralisk  
  128  8:06  Roach x2  
  130  8:19  Spine Crawler, Overlord x2  
  120  8:20  Overlord  
  120  8:22  Roach  
  122  8:27  Spine Crawler  
  122  8:28  Drone  
  120  8:44  Hydralisk x4, Roach x2  
  120  8:45  Roach x3  
  130  8:59  Hydralisk x3, Roach  
  130  9:00  Roach x3  
  143  9:03  Roach  
  139  9:16  Drone x2  
  139  9:17  Drone x2  
  143  9:23  Ravager  
  143  9:24  Ravager x2  
  146  9:25  Overlord  
  146  9:26  Overlord  
  144  9:32  Spine Crawler  
  144  9:33  Hydralisk  
  145  9:39  Overlord x2, Queen  
  145  9:57  Hydralisk x3, Roach x3  
  145  9:58  Roach x2  
  141  10:00  Roach  
  141  10:06  Roach  
  133  10:07  Roach x3  
  133  10:10  Roach x2  
  131  10:16  Roach  
  131  10:19  Roach x4  
  131  10:25  Roach  
  133  10:30  Roach  
  133  10:31  Roach  
  125  10:36  Roach x2  
  125  10:37  Roach x2  
  129  10:47  Hydralisk x2, Roach x3  
  129  10:48  Roach  
  133  10:50  Roach  
  133  10:56  Roach  
  135  10:59  Roach x2  
  136  11:05  Roach x2  
  136  11:07  Hydralisk  
  136  11:11  Hydralisk x2  
  142  11:14  Roach  
  140  11:27  Hydralisk  
  140  11:28  Hydralisk, Roach x3  
  138  11:37  Ravager x9  
  138  11:38  Ravager  
  144  11:41  Roach x3  
  144  11:43  Overseer  
  144  11:46  Roach  
  152  11:48  Roach  
  152  11:52  Roach x2  
  156  11:59  Roach x3  
  156  12:01  Roach  
  164  12:02  Roach  
  166  12:08  Hydralisk x2  
  166  12:15  Overlord x2  
  170  12:17  Overlord  
  164  12:37  Hydralisk x3  
  164  12:38  Roach x5  
  174  12:45  Roach x3  
  174  12:47  Roach  
  176  13:00  Roach  
  176  13:01  Roach  
Tags
 
Add a new tag
Caveats
  • Supply blocks, unpowered buildings, or Contaminate may cause inaccurate times.
  • Supply counts are checked every 10 seconds.